 Dungeon Crawl Stone Soup version 0.22-a0-587-g7d32d7c (webtiles) character file.

11559 inc the Ripper (level 11, 0/87 HPs)
             Began as a Felid Chaos Knight on July 4, 2018.
             Slain by an orc warrior
             ... wielding a cursed -1 trident
              (9 damage)
             ... on level 12 of the Dungeon.
             The game lasted 00:43:01 (20176 turns).

inc the Ripper (Felid Chaos Knight)                Turns: 20176, Time: 00:43:02

Health: 0/87       AC:  3    Str: 13    XL:     11   Next: 50%
Magic:  12/12      EV: 40    Int: 15    God:    Xom [*.....]
Gold:   1193       SH:  6    Dex: 30    Spells: 7/10 levels left
                                        Lives:  0   Deaths: 3

rFire    + . .     SeeInvis +     - Unarmed
rCold    + + .     Gourm    .   (shield unavailable)
rNeg     + . .     Faith    .   (armour unavailable)
rPois    +         Spirit   .   (helmet unavailable)
rElec    .         Reflect  +   (cloak unavailable)
rCorr    .         Harm     .   (gloves unavailable)
MR       +....     Rnd*Rage +   (boots unavailable)
Stlth    ..........             m - +6 amulet of reflection
HPRegen  0.24/turn              j - ring "Geal Bul" {rPois rC+ rN+ Dex+2}
MPRegen  0.13/turn              r - +6 ring of dexterity

@: mighty, agile, berserking, very quick
A: very small, no armour, no weapons or thrown items, stealth, antennae 1, claws
1, fangs 3, repulsion field 1, see invisible, berserk 1, carnivore, dopey 1,
fire resistance 1, speed 1, robust 1, shaggy fur 3, slow metabolism 1, wild
magic 1, sharp paws
a: Renounce Religion


You were on level 12 of the Dungeon.
You worshipped Xom.
You were a special plaything of Xom.
You were not hungry.

You visited 3 branches of the dungeon, and saw 18 of its levels.
You also visited: Ossuary and Ice Cave.

You collected 1275 gold pieces.
You spent 82 gold pieces at shops.

Inventory:

Jewellery
 j - the ring "Geal Bul" (left paw) {rPois rC+ rN+ Dex+2}
   (Xom gifted it to you on level 3 of the Dungeon)

   [ring of poison resistance]

   It affects your dexterity (+2).
   It protects you from cold.
   It protects you from poison.
   It protects you from negative energy.
 m - a +6 amulet of reflection (around neck)
 r - a +6 ring of dexterity (right paw)
 s - an uncursed ring of flight
 z - the amulet of the Four Winds {rN+ MR+++ Clar}
   (You found it in an ice cave)

   [amulet of nothing]

   It protects you from negative energy.
   It affects your resistance to hostile enchantments.
   It protects you against confusion.
 G - an uncursed amulet of harm
 O - an uncursed ring of poison resistance
 Q - an uncursed amulet of faith
 R - an uncursed amulet of the gourmand
 W - an uncursed ring of protection from cold
Wands
 f - a wand of random effects (109)
 o - a wand of enslavement (45)
 t - a wand of paralysis (23)
 D - a wand of clouds (9)
 E - a wand of flame (65)
 K - a wand of acid (20)
 N - a wand of polymorph (28)
 T - a wand of digging (25)
 V - a wand of disintegration (11)
Scrolls
 c - 4 scrolls of enchant weapon
 d - 6 scrolls of enchant armour
 e - 7 scrolls of teleportation
 h - 7 scrolls of magic mapping
 k - 7 scrolls of amnesia
 l - 6 scrolls of remove curse
 n - a scroll of noise {unknown}
 v - 2 scrolls of random uselessness {unknown}
 y - 2 scrolls of vulnerability {unknown}
 C - a scroll of brand weapon {unknown}
 F - a scroll of torment {unknown}
 I - a scroll of silence {unknown}
 L - a scroll of blinking {unknown}
 M - 2 scrolls of fear {unknown}
 S - 3 scrolls of immolation {unknown}
 Y - a scroll of identify
Potions
 b - 5 potions of curing
 g - 2 potions of magic
 i - a potion of haste
 p - 2 potions of degeneration
 q - 7 potions of flight
 u - a potion of ambrosia
 x - a potion of mutation
 A - a potion of resistance
 B - 4 potions of brilliance
 H - a potion of might
 U - a potion of agility
Miscellaneous
 J - a phial of floods
 P - a sack of spiders
 X - a crystal ball of energy
Comestibles
 a - 46 rations


   Skills:
 - Level 9.1 Fighting
 - Level 12.6 Dodging
 - Level 12.0 Stealth
 - Level 15.2 Unarmed Combat
 - Level 6.0 Charms
 + Level 6.2 Necromancy


You had 7 spell levels left.
You knew the following spells:

 Your Spells              Type           Power        Failure   Level  Hunger
a - Regeneration          Chrm/Necr      ###.......   11%         3    ####...

Your spell library contained the following spells:

 Spells                   Type           Power        Failure   Level  Hunger
 Fireball                 Conj/Fire      #.........   100%        5    ######.
 Conjure Flame            Conj/Fire      #.......     71%         3    ####...
 Confuse                  Hex            #.......     71%         3    ####...
 Mephitic Cloud           Conj/Pois/Air  #.......     71%         3    ####...
 Ring of Flames           Chrm/Fire      ##........   100%        7    #######
 Venom Bolt               Conj/Pois      #.........   100%        5    ######.
 Olgreb's Toxic Radiance  Pois           #.......     97%         4    #####..
 Summon Small Mammal      Summ           #...         34%         1    ##.....
 Animate Dead             Necr           N/A          30%         4    #####..
 Summon Ice Beast         Ice/Summ       #.......     97%         4    #####..
 Call Imp                 Summ           #.......     47%         2    ###....
 Sting                    Conj/Pois      #...         34%         1    ##.....
 Tukima's Dance           Hex            #.......     71%         3    ####...
 Recall                   Summ/Tloc      N/A          71%         3    ####...
 Spider Form              Tmut/Pois      #.........   71%         3    ####...
 Blade Hands              Tmut           #.........   100%        5    ######.
 Statue Form              Tmut/Erth      #........    100%        6    #######
 Ice Form                 Ice/Tmut       #.......     97%         4    #####..
 Dragon Form              Tmut           #.........   100%        7    #######
 Death Channel            Necr           ###.......   98%         6    #######
 Sticks to Snakes         Tmut           #.......     47%         2    ###....
 Call Canine Familiar     Summ           #.......     71%         3    ####...
 Ensorcelled Hibernation  Hex/Ice        #.....       47%         2    ###....
 Summon Butterflies       Summ           #.......     34%         1    ##.....
 Corona                   Hex            #......      34%         1    ##.....
 Simulacrum               Ice/Necr       ##........   100%        6    #######
 Excruciating Wounds      Chrm/Necr      ###.......   61%         5    ######.
 Shroud of Golubria       Chrm/Tloc      ##........   17%         2    ###....
 Beastly Appendage        Tmut           #.....       34%         1    ##.....
 Dazzling Spray           Conj/Hex       #.....       71%         3    ####...
 Summon Forest            Summ/Tloc      #.........   100%        5    ######.
 Summon Lightning Spire   Summ/Air       #.......     97%         4    #####..
 Summon Guardian Golem    Hex/Summ       #.......     71%         3    ####...
 Hydra Form               Tmut           #.........   100%        6    #######
 Irradiate                Conj/Tmut      #.........   100%        5    ######.
 Poisonous Vapours        Pois/Air       #.....       47%         2    ###....
 Borgnjor's Vile Clutch   Necr/Erth      ##........   95%         5    ######.


Dungeon Overview and Level Annotations

Branches:
Dungeon (12/15)            Temple (1/1) D:5            Lair (5/6) D:10
 Shoals (0/4) Lair:2        Snake (0/4) Lair:4
  Slime: Lair:5-6       Orc: D:9-12

Altars:
Ashenzari
Cheibriados
Dithmenos
Elyvilon
Fedhas
Gozag
Hepliaklqana
Kikubaaqudgha
Makhleb
Nemelex Xobeh
Okawaru
Qazlal
Ru
Sif Muna
Trog
Uskayaw
Vehumet
Wu Jian
Xom
Yredelemnul
Zin
The Shining One
Beogh

Shops:
D:7 *

Annotations:
D:6 1 runed door, iamserjio's ghost, novice OpWn
D:7 1 runed door, mhoghedin's ghost, novice TeCj
Lair:1 Gastronok


Innate Abilities, Weirdness & Mutations

You cannot wear armour.
You are incapable of wielding weapons or throwing items.
Your paws allow you to move quietly. (Stealth)
You have sharp claws.
You have razor-sharp teeth.
You have supernaturally acute eyesight. (SInv)
You are carnivorous and can eat meat at any time.
You cover ground quickly.
Your thick and shaggy fur keeps you warm. (AC +3, rC+)
You have a slow metabolism.
Your sharp claws are effective at attacking unaware monsters.
You have a pair of small antennae on your head.
You are surrounded by a mild repulsion field. (EV +2)
You tend to lose your temper in combat.
You are dopey. (Int -2)
Your flesh is heat resistant. (rF+)
You are robust. (+10% HP)
Your spells are a little harder to cast, but a little more powerful.


Message History

You kill the orc priest!
You block the orc warrior's attack. The dart slug launches a dart at you.
The slug dart reflects off an invisible shield around you!
The slug dart hits the dart slug.
Unknown command.
You claw the dart slug!
You kill the dart slug!
The orc returns to its original shape as it dies.
The orc warrior completely misses you. The ogre completely misses you.
Unknown command.
You completely miss the orc warrior. The orc completely misses you. x2
The orc warrior completely misses you. You block the orc warrior's attack.
Unknown command.
You claw the ogre!
The ogre is moderately wounded.
The orc closely misses you.
The orc warrior hits you with a trident!
You die...
Xom snickers! o

#........ #........
#........ #.†......
##†###### #.)## ##+##
######## ##..# ....#
#.$.ooo# ##.## ....#
#..ooO@### #.<# ....#
+.$.ooooo## #####'###
....# #..oooo#o.###
#........ ....+
#..oooo##..o# #........
....#
#$.....####.###........
....# #......#
#..##........ #####
#....$.# ##..'<.......
#..._.$# ####........
##'######


You could see 6 orc warriors, an ogre, 3 orc priests and 11 orcs.

Vanquished Creatures
  A frost giant (IceCv)
  A hydra (D:12)
  A catoblepas (Lair:2)
  Erica (Lair:1)
  4 death yaks
  A two-headed ogre (D:9)
  A fire crab (IceCv)
  An ugly thing (D:12)
  A cyclops (IceCv)
  A merfolk siren (Lair:2)
  3 spiny frogs (Lair:3)
  A black mamba (Lair:2)
  An ice statue (IceCv)
  5 komodo dragons
  4 rime drakes
  A kobold demonologist (D:6)
  A troll (D:12)
  A queen bee (Lair:1)
  A meliai (D:9)
  2 merfolk (Lair:2)
  12 polar bears (IceCv)
  7 hippogriffs
  A hornet (D:10)
  Grinder (D:5)
  A raiju (Lair:1)
  36 yaks
  3 basilisks
  A wyvern (Lair:5)
  A steam dragon (Lair:5)
  2 hogs (D:9)
  7 porcupines
  6 water moccasins
  An ice beast (IceCv)
  4 orc warriors
  A sky beast (D:6)
  3 ogres
  4 phantoms
  14 wolves
  7 centaurs
  A necrophage (D:5)
  A boggart (D:2)
  4 crocodiles
  18 bullfrogs
  4 big kobolds
  3 scorpions
  A wyvern skeleton (D:12)
  29 killer bees
  7 wights
  A howler monkey (D:4)
  3 crimson imps
  A centaur zombie (Ossuary)
  5 bullfrog zombies
  7 orc priests
  6 hounds
  A gnoll shaman (D:5)
  5 jellies
  12 orc wizards
  A bullfrog skeleton (D:6)
  2 centaur skeletons
  16 mummies (Ossuary)
  5 iguanas
  8 worker ants
  A centaur simulacrum (D:9)
  3 hound zombies (Ossuary)
  9 adders
  3 gnolls (D:5)
  A shadow imp (D:5)
  12 white imps (Lair:3)
  5 oozes (D:1)
  2 adder skeletons
  3 adder zombies
  4 worms
  3 dart slugs
  6 leopard geckos
  39 orcs
  A ball python (D:5)
  6 giant cockroaches
  4 goblins
  4 hobgoblins
  16 jackals
  15 kobolds
  5 quokkas
  6 bats
  5 frilled lizards
  2 jackal skeletons
  A quokka skeleton (D:8)
  2 quokka zombies
  10 rats
454 creatures vanquished.

Vanquished Creatures (collateral kills)
  4 death yaks (Lair:5)
  A kobold (D:11)
5 creatures vanquished.

Vanquished Creatures (others)
  2 polar bears (IceCv)
  A centaur (D:5)
  4 wolves (IceCv)
  3 orcs (D:10)
  9 fungi
  2 plants (Lair:4)
  2 withered plants (Ossuary)
23 creatures vanquished.

Grand Total: 482 creatures vanquished

Notes
Turn   | Place    | Note
-------+----------+-------------------------------------------
     0 | D:1      | inc the Felid Chaos Knight began the quest for the Orb.
     0 | D:1      | Reached XP level 1. HP: 10/10 MP: 2/2
     0 | D:1      | XOM: harmless Necr miscast
     1 | D:1      | Found a runed door.
   251 | D:1      | Reached XP level 2. HP: 14/14 MP: 3/3
   877 | D:1      | XOM: harmless Tmut miscast
   968 | D:2      | XOM: polymorph jackal -> iguana
   972 | D:2      | XOM: confusion
  1238 | D:1      | Reached skill level 5 in Dodging
  1241 | D:1      | Reached XP level 3. HP: 15/17 MP: 4/4
  1271 | D:1      | XOM: enchant monster (bad)
  1293 | D:1      | XOM: scenery: 1 doors open
  1434 | D:1      | XOM: divination: detect items
  1641 | D:3      | Found a snail-covered altar of Cheibriados.
  1677 | D:3      | XOM is BORED!
  1677 | D:3      | Found a stormy altar of Qazlal.
  1677 | D:3      | XOM: 6-stop teleportation journey
  2031 | D:3      | Reached XP level 4. HP: 21/21 MP: 5/5
  2073 | D:3      | XOM: god gift: transparent bronze ring {god gift}
  2177 | D:3      | Got a transparent bronze ring {god gift}
  2178 | D:3      | Identified the ring "Geal Bul" {rPois rC+ rN+ Dex+2} (Xom gifted it to you on level 3 of the Dungeon)
  2387 | D:2      | XOM: enchant monster (good)
  2389 | D:2      | Reached XP level 5. HP: 14/24 MP: 6/6
  2417 | D:2      | XOM: god gift: scroll labeled CEDYDDUXKU {god gift}
  2444 | D:2      | Reached skill level 4 in Unarmed Combat
  3249 | D:2      | Noticed a boggart
  3249 | D:2      | an iguana changed into a boggart
  3249 | D:2      | XOM: polymorph iguana -> boggart
  3254 | D:2      | Killed a boggart
  3254 | D:2      | Reached skill level 5 in Unarmed Combat
  3254 | D:2      | Gained mutation: You are covered in thick fur. (AC +2) [Felid growth]
  3254 | D:2      | Reached XP level 6. HP: 28/28 MP: 7/7
  3356 | D:2      | XOM: god gift: wooden wand {god gift}
  3368 | D:2      | XOM: give mutations
  3368 | D:2      | Gained mutation: You are robust. (+10% HP) [Xom's grace]
  3368 | D:2      | Gained mutation: Your flesh is heat resistant. (rF+) [Xom's grace]
  3368 | D:2      | Gained mutation: You are very robust. (+20% HP) [Xom's grace]
  3368 | D:2      | Gained mutation: You are surrounded by a mild repulsion field. (EV +2) [Xom's grace]
  3662 | D:3      | XOM: 9-stop teleportation journey
  3685 | D:3      | XOM: give mutations
  3685 | D:3      | Gained mutation: Your magical capacity is low. (-10% MP) [Xom's mischief]
  3685 | D:3      | Lost mutation: Your magical capacity is low. (-10% MP) [Xom's mischief]
  3685 | D:3      | Gained mutation: You are weak. (Str -2) [Xom's mischief]
  3954 | D:4      | XOM: cloud trail
  4004 | D:4      | Found a sparkling altar of Nemelex Xobeh.
  4066 | D:4      | Reached skill level 6 in Unarmed Combat
  4070 | D:4      | XOM: cast spell 'Alistair's Intoxication'
  4072 | D:4      | XOM: summons friendly ufetubus
  4111 | D:4      | Reached XP level 7. HP: 36/37 MP: 8/8
  4116 | D:4      | Found a shadowy altar of Dithmenos.
  4144 | D:4      | XOM: 3-stop teleportation journey
  4174 | D:4      | Found a burning altar of Makhleb.
  4251 | D:4      | XOM: potion effect (agility)
  4330 | D:4      | Found an ornate altar of the Wu Jian Council.
  4455 | D:5      | Entered Level 5 of the Dungeon
  4472 | D:5      | Noticed Grinder
  4530 | D:5      | Reached skill level 7 in Unarmed Combat
  4538 | D:5      | Found a staircase to the Ecumenical Temple.
  4848 | D:5      | Reached skill level 8 in Unarmed Combat
  4868 | D:5      | Found a sand-covered staircase.
  4887 | Ossuary  | Entered an ossuary
  4907 | Ossuary  | XOM: divination: detect creatures
  4910 | Ossuary  | XOM: 2-stop teleportation journey
  5020 | Ossuary  | XOM: divination: detect creatures
  5035 | Ossuary  | Reached XP level 8. HP: 33/40 MP: 9/9
  5047 | Ossuary  | XOM: destruction
  5138 | Ossuary  | Reached skill level 9 in Unarmed Combat
  5207 | Ossuary  | XOM: noise
  5320 | Ossuary  | XOM: divination: detect items
  5347 | Ossuary  | XOM: harmless Ice miscast
  5359 | Ossuary  | XOM: mild Hex miscast
  5421 | Ossuary  | XOM: give mutations
  5421 | Ossuary  | Lost mutation: You are weak. (Str -2) [Xom's mischief]
  5421 | Ossuary  | Gained mutation: You are dopey. (Int -2) [Xom's mischief]
  5421 | Ossuary  | Gained mutation: You are very dopey. (Int -4) [Xom's mischief]
  5421 | Ossuary  | Lost mutation: You are very robust. (+20% HP) [Xom's mischief]
  5498 | Ossuary  | XOM: medium Hex miscast
  5819 | D:5      | Found a sacrificial altar of Ru.
  5836 | D:5      | Reached skill level 10 in Unarmed Combat
  5988 | D:5      | XOM: medium Summ miscast
  5989 | D:5      | Noticed a small abomination
  5995 | D:5      | Slain by a small abomination
  5996 | D:5      | Reached XP level 7. HP: 0/34 MP: 8/8
  6145 | Temple   | Entered the Ecumenical Temple
  6266 | D:5      | Paralysed by Grinder for 4 turns
  6275 | D:5      | XOM: enchant monster (bad)
  6285 | D:5      | Killed Grinder
  6285 | D:5      | Reached skill level 11 in Unarmed Combat
  6285 | D:5      | Reached XP level 8. HP: 27/37 MP: 9/9
  6286 | D:5      | XOM: give mutations
  6286 | D:5      | Gained mutation: You have a pair of small antennae on your head. [Xom's mischief]
  6286 | D:5      | Gained mutation: You are clumsy. (Dex -2) [Xom's mischief]
  6527 | D:6      | XOM: confusion
  6599 | D:6      | Found a white marble altar of Elyvilon.
  6691 | D:6      | XOM: torment (14/37 hp)
  6763 | D:6      | XOM: 1-stop teleportation journey
  6860 | D:6      | XOM: mild Conj miscast
  6980 | D:6      | XOM: medium Conj miscast
  7112 | D:6      | XOM: mild Air miscast
  7203 | D:6      | XOM: potion effect (brilliance)
  7337 | D:7      | XOM: harmless Air miscast
  7421 | D:7      | XOM: potion effect (curing)
  7580 | D:7      | Found Poxzad's General Store.
  7605 | D:7      | Reached skill level 12 in Unarmed Combat
  7607 | D:7      | Bought a scroll of magic mapping for 52 gold pieces
  7607 | D:7      | Bought a scroll of identify for 30 gold pieces
  7936 | D:7      | Found a runed door.
  7937 | D:7      | Noticed mhoghedin's ghost (novice TeCj)
  8117 | D:6      | XOM: harmless Hex miscast
  8138 | D:6      | Found a runed door.
  8138 | D:6      | XOM: harmless Ice miscast
  8147 | D:6      | Noticed iamserjio's ghost (novice OpWn)
  8210 | D:6      | Noticed a kobold demonologist
  8213 | D:6      | Killed a kobold demonologist
  8213 | D:6      | Reached XP level 9. HP: 42/42 MP: 10/10
  8880 | D:8      | XOM: divination: detect items
  8886 | D:8      | XOM: butterfly on damage
  8919 | D:8      | XOM: silly message
  8937 | D:8      | Reached skill level 5 in Fighting
  9119 | D:8      | Found a shattered altar of Ashenzari.
  9399 | D:9      | You fall through a shaft!
  9399 | D:10     | Entered Level 10 of the Dungeon
  9399 | D:10     | Found a staircase to the Lair.
  9685 | D:10     | XOM: potion effect (agility)
  9692 | D:10     | XOM: divination: detect creatures
  9694 | D:10     | XOM: potion effect (might)
  9795 | D:10     | XOM: severe Tmut miscast
  9867 | D:9      | XOM: swap monsters
  9971 | D:9      | Found a basalt altar of Yredelemnul.
  9980 | D:9      | XOM: scenery: create altars
  9987 | D:9      | XOM: confusion (+ monsters)
  9989 | D:9      | XOM: give mutations
  9989 | D:9      | Gained mutation: Your spells are a little harder to cast, but a little more powerful. [Xom's mischief]
  9989 | D:9      | Gained mutation: You occasionally shout uncontrollably at your foes. [Xom's mischief]
  9989 | D:9      | Lost mutation: You are clumsy. (Dex -2) [Xom's mischief]
  9989 | D:9      | Lost mutation: You occasionally shout uncontrollably at your foes. [Xom's mischief]
 10017 | D:9      | XOM: give mutation
 10017 | D:9      | Lost mutation: You are very dopey. (Int -4) [Xom's mischief]
 10018 | D:9      | Noticed a two-headed ogre
 10028 | D:9      | Killed a two-headed ogre
 10028 | D:9      | Reached skill level 10 in Dodging
 10028 | D:9      | Reached XP level 10. HP: 17/50 MP: 11/11
 10267 | D:9      | XOM: give mutations
 10267 | D:9      | Gained mutation: You tend to lose your temper in combat. [Xom's mischief]
 10267 | D:9      | Gained mutation: You are partially covered in icy blue scales. (AC +2) [Xom's mischief]
 10394 | D:9      | XOM: 1-stop teleportation journey
 10474 | D:9      | XOM: polymorph orc wizard -> bullfrog
 10595 | D:9      | XOM: polymorph human -> meliai
 10980 | D:10     | XOM: destruction
 10982 | D:10     | XOM: god gift: thin jewelled staff {god gift}
 10983 | D:10     | XOM: confuse monster(s)
 11176 | D:10     | XOM: chaos cloud
 11604 | D:11     | XOM: 2-stop teleportation journey
 11868 | D:11     | XOM: summons 10 friendly demons
 11967 | D:11     | XOM: scenery: create altars
 12022 | D:11     | XOM: cast spell 'Olgreb's Toxic Radiance'
 12537 | D:12     | Noticed a deep elf mage
 12694 | Lair:1   | Entered Level 1 of the Lair of Beasts
 12782 | Lair:1   | XOM: divination: magic mapping
 12793 | Lair:1   | Reached XP level 11. HP: 35/57 MP: 12/12
 12804 | Lair:1   | XOM: cast spell 'Olgreb's Toxic Radiance'
 13096 | Lair:1   | XOM: divination: detect creatures
 13106 | Lair:1   | Reached skill level 1 in Stealth
 13107 | Lair:1   | Noticed Erica
 13107 | Lair:1   | XOM: smoke on damage
 13132 | Lair:1   | XOM: noise
 13155 | Lair:1   | XOM: noise
 13163 | Lair:1   | XOM: mild Summ miscast
 13171 | Lair:1   | Killed Erica
 13180 | Lair:1   | XOM: divination: magic mapping
 13183 | Lair:1   | XOM: enchant monster (good)
 13205 | Lair:1   | XOM: enchant monster (good)
 13210 | Lair:1   | XOM: god gift: glowing quick blade {god gift}
 13212 | Lair:1   | XOM: 1-stop teleportation journey
 13386 | Lair:1   | XOM: polymorph yak -> raiju
 13489 | Lair:1   | XOM: potion effect (berserk rage)
 13569 | Lair:1   | Noticed Gastronok
 13796 | Lair:2   | Reached skill level 10 in Stealth
 13860 | Lair:2   | XOM: cast spell 'Summon Small Mammal'
 13976 | Lair:2   | XOM: confuse monster(s)
 14073 | Lair:2   | XOM: potion effect (invisibility)
 14118 | Lair:2   | XOM: enchant monster (bad)
 14143 | Lair:2   | XOM: mild Hex miscast
 14267 | Lair:2   | Noticed a catoblepas
 14313 | Lair:2   | XOM: divination: magic mapping
 14695 | Lair:1   | XOM: harmless Conj miscast
 14884 | Lair:2   | XOM: divination: detect items
 14968 | Lair:2   | XOM: mild Hex miscast
 15003 | Lair:2   | Found a staircase to the Shoals.
 15069 | Lair:2   | XOM: divination: detect items
 15070 | Lair:2   | XOM: god gift: 23 gold pieces
 15124 | Lair:3   | XOM: god gift: scroll labeled XAONETAALI {god gift}
 15197 | Lair:3   | Found a frozen archway.
 15249 | Lair:3   | XOM: summons friendly iron imp
 15437 | IceCv    | Entered an ice cave
 15524 | IceCv    | Gained mutation: Your thick and shaggy fur keeps you warm. (AC +3, rC+) [Felid growth]
 15524 | IceCv    | Reached XP level 12. HP: 57/62 MP: 13/13
 15536 | IceCv    | XOM: cast spell 'Monstrous Menagerie'
 15622 | IceCv    | XOM: mild Necr miscast
 15778 | IceCv    | XOM: summons friendly iron imp
 15797 | IceCv    | XOM: medium Hex miscast
 15817 | IceCv    | Identified the Grimoire of the Ghastly Entourage
 15873 | IceCv    | Reached skill level 13 in Unarmed Combat
 16081 | IceCv    | XOM: medium Chrm miscast
 16481 | IceCv    | XOM: medium Air miscast
 16651 | IceCv    | XOM: cleaving
 16652 | IceCv    | XOM: polymorph yak -> cyclops
 16668 | IceCv    | XOM: medium Summ miscast
 16676 | IceCv    | XOM: enchant monster (good)
 16677 | IceCv    | XOM: enchant monster (bad)
 16683 | IceCv    | XOM: polymorph wolf -> ice beast
 16697 | IceCv    | Reached skill level 14 in Unarmed Combat
 16715 | IceCv    | XOM: summons 2 hostile demons
 17003 | IceCv    | Noticed a frost giant
 17003 | IceCv    | Noticed a death yak
 17004 | IceCv    | XOM: mild Tmut miscast
 17013 | IceCv    | XOM: divination: detect creatures
 17035 | IceCv    | Killed a frost giant
 17040 | IceCv    | XOM: polymorph polar bear -> fire crab
 17049 | IceCv    | Killed a death yak
 17051 | IceCv    | XOM: mild Pois miscast
 17053 | IceCv    | XOM: harmless Fire miscast
 17066 | IceCv    | Reached skill level 15 in Unarmed Combat
 17158 | IceCv    | XOM: summons 6 hostile demons
 17163 | IceCv    | Found the amulet of the Four Winds {rN+ MR+++ Clar}
 17198 | IceCv    | Identified Jessef's Collected Works on Helpful Confrontation
 17595 | Lair:3   | XOM: torment (36/62 hp)
 17612 | Lair:3   | Learned a level 3 spell: Regeneration
 17715 | Lair:3   | XOM: stat loss: -1 Str (7/8)
 17733 | Lair:3   | Reached skill level 1 in Charms
 17733 | Lair:3   | Reached skill level 1 in Necromancy
 17796 | Lair:3   | XOM: give mutations
 17796 | Lair:3   | Lost mutation: You are partially covered in icy blue scales. (AC +2) [Xom's mischief]
 17828 | Lair:3   | XOM: harmless Conj miscast
 17927 | Lair:3   | XOM: blink monster(s)
 18270 | Lair:4   | Found a staircase to the Snake Pit.
 18371 | Lair:4   | Noticed a death yak
 18371 | Lair:4   | Noticed a death yak
 18371 | Lair:4   | XOM: noise
 18371 | Lair:4   | Noticed a death yak
 18371 | Lair:4   | Noticed a death yak
 18371 | Lair:4   | Noticed a death yak
 18395 | Lair:4   | XOM: mild Hex miscast
 18408 | Lair:4   | XOM: butterfly on damage
 18474 | Lair:4   | XOM: medium Conj miscast
 18697 | Lair:4   | Noticed a death yak
 18701 | Lair:4   | XOM: cleaving
 18795 | Lair:5   | Noticed a death yak
 18795 | Lair:5   | Noticed a death yak
 18795 | Lair:5   | Noticed a death yak
 18795 | Lair:5   | Noticed a death yak
 18795 | Lair:5   | Noticed a death yak
 18795 | Lair:5   | Noticed a death yak
 18823 | Lair:5   | Killed a death yak
 18823 | Lair:5   | Reached XP level 13. HP: 49/66 MP: 14/14
 18825 | Lair:5   | XOM: cast spell 'Cause Fear'
 18827 | Lair:5   | XOM: cast spell 'Summon Horrible Things'
 18920 | Lair:5   | XOM: potion effect (berserk rage)
 19002 | Lair:5   | Reached skill level 5 in Charms
 19092 | Lair:5   | XOM: enchant monster (good)
 19368 | Lair:4   | XOM: summons 7 friendly demons
 19386 | Lair:4   | Slain by a death yak
 19387 | Lair:4   | Reached XP level 12. HP: 0/62 MP: 13/13
 19636 | Lair:2   | XOM: god gift: book of Unlife
 19639 | Lair:2   | Killed a catoblepas
 19696 | Lair:2   | Found the +0 Maxwell's etheric cage {RegenMP+ *Contam rElec MP+4}
 19714 | Lair:2   | XOM: enchant monster (bad)
 19740 | Lair:2   | Reached skill level 5 in Necromancy
 19883 | D:12     | XOM: enchant monster (good)
 19993 | D:12     | XOM: cloud trail
 20105 | D:12     | Noticed a two-headed ogre
 20114 | D:12     | XOM: divination: detect creatures
 20115 | D:12     | Killed from afar by an orc priest
 20116 | D:12     | Reached XP level 11. HP: -3/58 MP: 12/12
 20132 | D:12     | Noticed a four-headed hydra
 20139 | D:12     | Killed a four-headed hydra
 20168 | D:12     | Found a roughly hewn altar of Beogh.
 20168 | D:12     | XOM: swap monsters
 20169 | D:12     | XOM: enchant monster (bad)
 20171 | D:12     | XOM: polymorph orc -> dart slug
 20176 | D:12     | Slain by an orc warrior

Vault maps used:
D:1:      dpeg_arrival_caged_fury, minmay_hedge_maze
D:2:      cheibrodos_pilgrimage, first_ration, nrook_mini_vaults
D:3:      nicolae_overflow_crystal_walls, lemuel_round_altar, serial_glass,
          glass_columns_a, glass_columns_b
D:4:      grunt_dithmenos_smoke, kennysheep_mini, lemuel_crystal_altar,
          bloody_makhleb
D:5:      kennysheep_little_box, minmay_temple_entry_grid,
          nicolae_ossuary_entry_false_entrances, uniq_grinder
D:6:      nicolae_overflow_hidden_temple, ebering_ghost_reflecting_pool,
          hangedman_minor_gate_pass
D:7:      hellmonk_ghost_happy_afterlife, serial_shops, nicolae_shop_stone
D:8:      overflow_temple_1_default
D:9:      lemuel_round_altar, grunt_livestock, kennysheep_just_a_vault
D:10:     lair_entry_dummy
Temple:   minmay_temple_bridge_abc
Lair:1:   uniq_gastronok, uniq_erica
Lair:2:   minmay_guarded_unrand_snakebite, elwin_shoals_entry_rooms,
          nicolae_quartered_pool_super, serial_bayou_shore_b, grunt_megastairs_3
Lair:3:   special_room, portal_ice_cave_entry_imps, minivault_27,
          cheibrodos_lair_caveside_slide
Lair:4:   dummy_snake_entry
Lair:5:   bobbens_dragon_lair_wall
Ossuary:  ossuary_zaba_flooded
IceCv:    ice_cave_caverns_02

Skill      XL: |  1  2  3  4  5  6  7  8  9 10 11 12 13 |
---------------+----------------------------------------+-----
Dodging        | 4 5 6 7 10 12 | 12.6
Unarmed Combat | 5 6 11 12 15 | 15.2
Fighting       | 6 8 9 |  9.1
Stealth        | 12 | 12.0
Charms         | 6 5 |  6.0
Necromancy     | 6 5 4 |  6.2

Action                   |  1- 3 |  4- 6 |  7- 9 | 10-12 | 13-15 || total
-------------------------+-------+-------+-------+-------+-------++-------
Melee: Unarmed           |   110 |   237 |   572 |   974 |    48 ||  1941
       Bite              |     7 |    36 |    62 |   148 |     7 ||   260
       Punch             |       |     6 |    26 |    80 |     4 ||   116
Evoke: Wand              |       |       |       |     2 |       ||     2
  Use: Scroll            |     2 |     1 |     5 |    12 |       ||    20
       Potion            |     1 |     1 |     7 |    16 |       ||    25
 Stab: Sleeping          |     8 |     2 |    10 |    13 |     5 ||    38
       Distracted        |     1 |     1 |     2 |     9 |     1 ||    14
       Paralysed         |       |     2 |       |       |       ||     2
       Invisible         |       |       |     5 |    18 |       ||    23
       Confused          |       |       |     1 |     1 |       ||     2
  Eat: Chunk             |     1 |     6 |    13 |    27 |     3 ||    50
Armor: Skin              |     3 |     5 |    52 |    70 |       ||   130
Dodge: Dodged            |    85 |   204 |   306 |   814 |    40 ||  1449
Block: Other             |       |    35 |   110 |   228 |    10 ||   383
       Reflection        |       |       |     4 |     5 |     1 ||    10

Table legend:
 A = Spawn XP
 B = Non-spawn XP
 C = Spawn XP percentage of total XP
 D = Spawn monster count
 E = Non-spawn monster count
 F = Spawn count percentage of total count
 G = Total turns spent on level
                    A         B        C        D         E        F      G
               +---------+---------+-------+---------+---------+-------+---------
         Total |       0 |   49480 |   0.0 |       0 |     460 |   0.0 | 20176
               +---------+---------+-------+---------+---------+-------+---------
           D:1 |       0 |      73 |   0.0 |       0 |      27 |   0.0 |  1816
           D:2 |       0 |     312 |   0.0 |       0 |      32 |   0.0 |   993
           D:3 |       0 |      91 |   0.0 |       0 |      16 |   0.0 |  1113
           D:4 |       0 |     359 |   0.0 |       0 |      18 |   0.0 |   547
           D:5 |       0 |    1148 |   0.0 |       0 |      22 |   0.0 |  1296
           D:6 |       0 |    1135 |   0.0 |       0 |      21 |   0.0 |  1428
           D:7 |       0 |     568 |   0.0 |       0 |      12 |   0.0 |   815
           D:8 |       0 |     998 |   0.0 |       0 |      25 |   0.0 |   655
           D:9 |       0 |    2544 |   0.0 |       0 |      26 |   0.0 |  1125
          D:10 |       0 |    1694 |   0.0 |       0 |      30 |   0.0 |  1002
          D:11 |       0 |    1276 |   0.0 |       0 |      22 |   0.0 |  1159
          D:12 |       0 |    2782 |   0.0 |       0 |      15 |   0.0 |   361
        Lair:1 |       0 |    5941 |   0.0 |       0 |      46 |   0.0 |  1332
        Lair:2 |       0 |    5777 |   0.0 |       0 |      23 |   0.0 |  1283
        Lair:3 |       0 |    2849 |   0.0 |       0 |      24 |   0.0 |  1190
        Lair:4 |       0 |    2395 |   0.0 |       0 |       9 |   0.0 |  1055
        Lair:5 |       0 |    6387 |   0.0 |       0 |      19 |   0.0 |   382
       Ossuary |       0 |     732 |   0.0 |       0 |      26 |   0.0 |   654
         IceCv |       0 |   12419 |   0.0 |       0 |      47 |   0.0 |  1892
               +---------+---------+-------+---------+---------+-------+---------
